| TOP OF THE 1ST |
|
Rocky Mount Leafs batting - Pitching for Salem Rebels : RHP Gary Johnson
|
|
Pitching: RHP Gary Johnson
|
|
|
Batting: LHB Oscar Ramirez
|
0-0: SINGLE (Line Drive, 6MD, EV 108.8 MPH)
|
|
Batting: RHB Alex Sanchez
|
0-0: Ball 1-0: Fly out, F8 (Flyball, 8RS, EV 89.4 MPH)
|
|
Batting: LHB Larry Ray
|
0-0: Called Strike 0-1: 2-RUN HOME RUN (Line Drive, 9D, EV 108.8 MPH), Distance : 364 ft
|
|
Batting: RHB Glen Bockhorn
|
0-0: Fly out, F7 (Flyball, 7LM, EV 75.0 MPH)
|
|
Batting: RHB Theodore Smith
|
0-0: Ball 1-0: Ball 2-0: Called Strike 2-1: Foul Ball, location: 2F 2-2: Ground out 4-3 (Groundball, 4D, EV 96.3 MPH)
|
| Top of the 1st over - 2 runs, 2 hits, 0 errors, 0 left on base; Rocky Mount 2 - Salem 0 |
| BOTTOM OF THE 1ST |
|
Salem Rebels batting - Pitching for Rocky Mount Leafs : RHP Gerald Kennedy
|
|
Pitching: RHP Gerald Kennedy
|
|
|
Batting: LHB John Gibbons
|
0-0: Ball 1-0: Ball 2-0: Called Strike 2-1: Called Strike 2-2: Foul Ball, location: 2F 2-2: SINGLE (Line Drive, 34, EV 100.6 MPH)
|
|
Batting: RHB Daniel Szajko
|
0-0: Ball 1-0: Called Strike 1-1: Foul Ball, location: 2F 1-2: Strikes out swinging
|
|
Batting: LHB Thomas Krupa
|
0-0: Ball John Gibbons steals 2nd base 1-0: Ball 2-0: Foul Ball, location: 2F 2-1: Called Strike 2-2: Strikes out looking
|
|
Batting: RHB Jorge Monroig
|
0-0: Foul Ball, location: 2F 0-1: Fly out, F6 (Popup, 6M, EV 52.5 MPH)
|
| Bottom of the 1st over - 0 runs, 1 hit, 0 errors, 1 left on base; Rocky Mount 2 - Salem 0 |
| TOP OF THE 2ND |
|
Rocky Mount Leafs batting - Pitching for Salem Rebels : RHP Gary Johnson
|
|
Batting: RHB Ricardo Villasenor
|
0-0: Ball 1-0: Called Strike 1-1: Reached on error, E4 (Groundball, 4, EV 81.9 MPH)
|
|
Batting: RHB Sergio Loya
|
0-0: Ball 1-0: Fielders Choice at 2nd, 3-6 (Groundball, 34, EV 78.8 MPH)
|
|
Batting: RHB Blane McDonald
|
0-0: Ball 1-0: Swinging Strike 1-1: Fly out, F9 (Line Drive, 9, EV 91.9 MPH)
|
|
Batting: RHB Todd Cruz
|
0-0: SINGLE (Groundball, 4MD, EV 98.8 MPH) (infield hit) Sergio Loya to second
|
|
Batting: LHB Oscar Ramirez
|
0-0: Ball 1-0: Called Strike 1-1: Called Strike 1-2: Ball 2-2: SINGLE (Groundball, 5S, EV 75.0 MPH) (infield hit) Sergio Loya to third Todd Cruz to second
|
|
Batting: RHB Alex Sanchez
|
0-0: Ball 1-0: Ball 2-0: Called Strike 2-1: Fielders Choice at 2nd, 5-4 (Groundball, 56, EV 83.1 MPH)
|
| Top of the 2nd over - 0 runs, 2 hits, 1 error, 3 left on base; Rocky Mount 2 - Salem 0 |
| BOTTOM OF THE 2ND |
|
Salem Rebels batting - Pitching for Rocky Mount Leafs : RHP Gerald Kennedy
|
|
Batting: RHB Dennis Cleveland
|
0-0: Ball 1-0: Ground out 6-3 (Groundball, 6, EV 94.4 MPH)
|
|
Batting: RHB Robert O'Connor
|
0-0: Called Strike 0-1: Swinging Strike 0-2: Fly out, F7 (Flyball, 78XD, EV 91.3 MPH)
|
|
Batting: RHB Melvin Williams
|
0-0: Ball 1-0: Ball 2-0: Ball 3-0: Called Strike 3-1: Foul Ball, location: 2F 3-2: Base on Balls
|
|
Batting: RHB Frank Wren
|
0-0: Ball 1-0: Swinging Strike 1-1: Foul Ball, location: 2F 1-2: Ball 2-2: Ball 3-2: Ground out U3 (Groundball, 3S, EV 71.3 MPH)
|
| Bottom of the 2nd over - 0 runs, 0 hits, 0 errors, 1 left on base; Rocky Mount 2 - Salem 0 |
| TOP OF THE 3RD |
|
Rocky Mount Leafs batting - Pitching for Salem Rebels : RHP Gary Johnson
|
|
Batting: LHB Larry Ray
|
0-0: Ball 1-0: Called Strike 1-1: Foul Ball, location: 2F 1-2: Foul Ball, location: 2F 1-2: SINGLE (Line Drive, 4MD, EV 95.0 MPH)
|
|
Batting: RHB Glen Bockhorn
|
0-0: Ball 1-0: Ball 2-0: Foul Ball, location: 2F 2-1: Foul Ball, location: 2F 2-2: Ball 3-2: Strikes out swinging Larry Ray steals 2nd base Batter strikes out.
|
|
Batting: RHB Theodore Smith
|
0-0: Ball 1-0: Fly out, F8 (Flyball, 8LD, EV 91.3 MPH)
|
|
Batting: RHB Ricardo Villasenor
|
0-0: Ball 1-0: Called Strike 1-1: Foul Ball, location: 2F 1-2: SINGLE (Groundball, 6MD, EV 101.9 MPH) Larry Ray to third Runner from 3rd tries for Home, SAFE, throw by CF to home
|
|
Now at SS: Steven Schields
|
|
|
Batting: RHB Sergio Loya
|
0-0: Ball 1-0: Ball 2-0: SINGLE (Line Drive, 78M, EV 88.8 MPH) Ricardo Villasenor to second
|
|
Batting: RHB Blane McDonald
|
0-0: Ball 1-0: Swinging Strike 1-1: Ball 2-1: Foul Ball, location: 2F 2-2: Foul Ball, location: 2F 2-2: Ball 3-2: Strikes out swinging
|
| Top of the 3rd over - 1 run, 3 hits, 0 errors, 2 left on base; Rocky Mount 3 - Salem 0 |
| BOTTOM OF THE 3RD |
|
Salem Rebels batting - Pitching for Rocky Mount Leafs : RHP Gerald Kennedy
|
|
Batting: RHB Mark Krynitsky
|
0-0: Ball 1-0: Called Strike 1-1: Foul Ball, location: 2F 1-2: Strikes out looking
|
|
Batting: RHB Steven Schields
|
0-0: Ball 1-0: Foul Ball, location: 2F 1-1: Ball 2-1: Foul Ball, location: 2F 2-2: Foul Ball, location: 2F 2-2: Ground out 4-3 (Groundball, 4, EV 103.1 MPH)
|
|
Batting: RHB Daniel Szajko
|
0-0: Fly out, F3 (Popup, 3S, EV 75.6 MPH)
|
| Bottom of the 3rd over - 0 runs, 0 hits, 0 errors, 0 left on base; Rocky Mount 3 - Salem 0 |
| TOP OF THE 4TH |
|
Rocky Mount Leafs batting - Pitching for Salem Rebels : RHP Gary Johnson
|
|
Batting: RHB Todd Cruz
|
0-0: DOUBLE (Line Drive, 78D, EV 100.0 MPH)
|
|
Batting: LHB Oscar Ramirez
|
0-0: Fly out, F8 (Line Drive, 8LD, EV 103.1 MPH)
|
|
Batting: RHB Alex Sanchez
|
0-0: Called Strike 0-1: Ball 1-1: Hit by Pitch
|
|
Batting: LHB Larry Ray
|
0-0: Called Strike 0-1: 3-RUN HOME RUN (Flyball, 9D, EV 98.1 MPH), Distance : 364 ft
|
|
Pitching: RHP Carlos Montijo
|
|
|
Batting: RHB Glen Bockhorn
|
0-0: SINGLE (Groundball, 56D, EV 99.4 MPH)
|
|
Batting: RHB Theodore Smith
|
0-0: Foul Ball, location: 2F 0-1: Swinging Strike 0-2: Strikes out looking
|
|
Batting: RHB Ricardo Villasenor
|
0-0: Ball 1-0: Called Strike 1-1: Fly out, F8 (Line Drive, 8RM, EV 91.9 MPH)
|
| Top of the 4th over - 3 runs, 3 hits, 0 errors, 1 left on base; Rocky Mount 6 - Salem 0 |
| BOTTOM OF THE 4TH |
|
Salem Rebels batting - Pitching for Rocky Mount Leafs : RHP Gerald Kennedy
|
|
Batting: LHB Thomas Krupa
|
0-0: Called Strike 0-1: Ball 1-1: Called Strike 1-2: Foul Ball, location: 2F 1-2: Ball 2-2: Ground out 6-3 (Groundball, P, EV 85.0 MPH)
|
|
Batting: RHB Jorge Monroig
|
0-0: Called Strike 0-1: Ball 1-1: Fly out, F8 (Flyball, 78M, EV 86.9 MPH)
|
|
Batting: RHB Dennis Cleveland
|
0-0: Ball 1-0: Called Strike 1-1: Ball 2-1: Called Strike 2-2: Fly out, F8 (Flyball, 8RXD, EV 85.6 MPH)
|
| Bottom of the 4th over - 0 runs, 0 hits, 0 errors, 0 left on base; Rocky Mount 6 - Salem 0 |
| TOP OF THE 5TH |
|
Rocky Mount Leafs batting - Pitching for Salem Rebels : RHP Carlos Montijo
|
|
Batting: RHB Sergio Loya
|
0-0: Called Strike 0-1: Ball 1-1: DOUBLE (Flyball, 8LXD, EV 103.8 MPH)
|
|
Batting: RHB Blane McDonald
|
0-0: Ball 1-0: Called Strike 1-1: Foul Ball, location: 2F 1-2: Strikes out looking
|
|
Batting: RHB Todd Cruz
|
0-0: Called Strike 0-1: Foul Ball, location: 2F 0-2: Strikes out swinging
|
|
Batting: LHB Oscar Ramirez
|
0-0: Ground out 2-3 (Groundball, 13S, EV 61.3 MPH)
|
| Top of the 5th over - 0 runs, 1 hit, 0 errors, 1 left on base; Rocky Mount 6 - Salem 0 |
| BOTTOM OF THE 5TH |
|
Salem Rebels batting - Pitching for Rocky Mount Leafs : RHP Gerald Kennedy
|
|
Batting: RHB Robert O'Connor
|
0-0: Ball 1-0: Ball 2-0: SINGLE (Line Drive, 8RS, EV 108.8 MPH)
|
|
Batting: RHB Melvin Williams
|
0-0: Ball 1-0: Ball 2-0: SINGLE (Flyball, 3D, EV 98.8 MPH) Robert O'Connor to second
|
|
Batting: RHB Frank Wren
|
0-0: Foul Ball, location: 2F 0-1: Called Strike 0-2: Strikes out swinging
|
|
Batting: RHB Mark Krynitsky
|
0-0: Called Strike 0-1: Ball 1-1: Ball 2-1: Called Strike Robert O'Connor steals 3rd base Melvin Williams to second 2-2: Ball 3-2: 3-RUN HOME RUN (Flyball, 9LD, EV 111.3 MPH), Distance : 369 ft
|
|
Batting: RHB Steven Schields
|
0-0: Ball 1-0: Swinging Strike 1-1: Fly out, F8 (Flyball, 8RD, EV 93.1 MPH)
|
|
Batting: RHB Daniel Szajko
|
0-0: Swinging Strike 0-1: Called Strike 0-2: Ball 1-2: Foul Ball, location: 2F 1-2: Fly out, F8 (Flyball, 8LXD, EV 85.0 MPH)
|
| Bottom of the 5th over - 3 runs, 3 hits, 0 errors, 0 left on base; Rocky Mount 6 - Salem 3 |
| TOP OF THE 6TH |
|
Rocky Mount Leafs batting - Pitching for Salem Rebels : RHP Carlos Montijo
|
|
Batting: RHB Alex Sanchez
|
0-0: Ball 1-0: Ball 2-0: Foul Ball, location: 2F 2-1: Foul Ball, location: 2F 2-2: Ball 3-2: Ground out 6-3 (Groundball, 56, EV 82.5 MPH)
|
|
Batting: LHB Larry Ray
|
0-0: Ball 1-0: Foul Ball, location: 2F 1-1: Ball 2-1: Ball 3-1: Base on Balls
|
|
Batting: RHB Glen Bockhorn
|
0-0: Ball 1-0: Swinging Strike 1-1: Foul Ball, location: 2F 1-2: Ball 2-2: DOUBLE (Line Drive, 8LXD, EV 106.9 MPH) Larry Ray to third Runner from 3rd tries for Home, SAFE, throw by CF to home
|
|
Batting: RHB Theodore Smith
|
0-0: Ball 1-0: Foul Ball, location: 2F 1-1: Called Strike 1-2: Fly out, F4 (Line Drive, 4, EV 72.5 MPH)
|
|
Batting: RHB Ricardo Villasenor
|
0-0: Called Strike 0-1: Ground out 3-1 (Groundball, 34S, EV 91.9 MPH)
|
| Top of the 6th over - 1 run, 1 hit, 0 errors, 1 left on base; Rocky Mount 7 - Salem 3 |
| BOTTOM OF THE 6TH |
|
Salem Rebels batting - Pitching for Rocky Mount Leafs : RHP Gerald Kennedy
|
|
Pitching: RHP David Nobles
|
|
|
Batting: LHB Thomas Krupa
|
0-0: SOLO HOME RUN (Flyball, 9D, EV 105.0 MPH), Distance : 352 ft
|
|
Batting: RHB Jorge Monroig
|
0-0: Ground out 6-3 (Groundball, 6, EV 81.3 MPH)
|
|
Batting: RHB Dennis Cleveland
|
0-0: Fly out, F4 (Popup, 13, EV 87.5 MPH)
|
|
Batting: RHB Robert O'Connor
|
0-0: Foul Ball, location: 2F 0-1: Ball 1-1: Ball 2-1: Ball 3-1: Fly out, F8 (Flyball, 89S, EV 86.9 MPH)
|
| Bottom of the 6th over - 1 run, 1 hit, 0 errors, 0 left on base; Rocky Mount 7 - Salem 4 |
| TOP OF THE 7TH |
|
Rocky Mount Leafs batting - Pitching for Salem Rebels : RHP Carlos Montijo
|
|
Batting: RHB Sergio Loya
|
0-0: Ground out 5-3 (Groundball, 56, EV 88.1 MPH)
|
|
Batting: RHB Blane McDonald
|
0-0: Foul Ball, location: 2F 0-1: Ball 1-1: Fly out, F8 (Flyball, 8RD, EV 95.6 MPH)
|
|
Batting: RHB Todd Cruz
|
0-0: Ball 1-0: Fly out, F9 (Line Drive, 9D, EV 107.5 MPH)
|
| Top of the 7th over - 0 runs, 0 hits, 0 errors, 0 left on base; Rocky Mount 7 - Salem 4 |
| BOTTOM OF THE 7TH |
|
Salem Rebels batting - Pitching for Rocky Mount Leafs : RHP David Nobles
|
|
Batting: RHB Melvin Williams
|
0-0: Foul Ball, location: 2F 0-1: Ball 1-1: Ball 2-1: Ball 3-1: DOUBLE (Line Drive, 5D, EV 96.9 MPH)
|
|
Batting: RHB Frank Wren
|
0-0: TRIPLE (Line Drive, 89XD, EV 103.1 MPH) Melvin Williams scores
|
|
Batting: RHB Mark Krynitsky
|
0-0: Called Strike 0-1: Ball 1-1: Fly out, F8 (Flyball, 78D, EV 80.0 MPH) Runner from 3rd tags up, OUT at HOME! 8-2
|
|
Batting: RHB Steven Schields
|
0-0: Ground out 5-3 (Groundball, 56, EV 106.3 MPH)
|
| Bottom of the 7th over - 1 run, 2 hits, 0 errors, 0 left on base; Rocky Mount 7 - Salem 5 |
| TOP OF THE 8TH |
|
Rocky Mount Leafs batting - Pitching for Salem Rebels : RHP Carlos Montijo
|
|
Batting: LHB Oscar Ramirez
|
0-0: Ball 1-0: Foul Ball, location: 2F 1-1: Foul Ball, location: 2F 1-2: Foul Ball, location: 2F 1-2: Ball 2-2: Strikes out swinging
|
|
Batting: RHB Alex Sanchez
|
0-0: Ground out 6-3 (Groundball, 6, EV 100.6 MPH)
|
|
Batting: LHB Larry Ray
|
0-0: Foul Ball, location: 2F 0-1: Ball 1-1: Ball 2-1: Foul Ball, location: 2F 2-2: Foul Ball, location: 2F 2-2: Ball 3-2: Foul Ball, location: 2F 3-2: Base on Balls
|
|
Batting: RHB Glen Bockhorn
|
0-0: Called Strike 0-1: Ball 1-1: Ball 2-1: Reached via error on a dropped throw from 1B, E1 (Groundball, 34S, EV 91.9 MPH) Larry Ray to second
|
|
Batting: RHB Theodore Smith
|
0-0: Foul Ball, location: 2F 0-1: 3-RUN HOME RUN (Flyball, 78XD, EV 101.3 MPH), Distance : 422 ft
|
|
Batting: RHB Ricardo Villasenor
|
0-0: Called Strike 0-1: SINGLE (Groundball, 5S, EV 73.1 MPH) (infield hit)
|
|
Pitching: LHP Steven Oliver
|
|
|
Batting: RHB Sergio Loya
|
0-0: Ball 1-0: Called Strike 1-1: Called Strike 1-2: Ball 2-2: Foul Ball, location: 2F 2-2: Ball 3-2: DOUBLE (Line Drive, 7LM, EV 96.9 MPH) Ricardo Villasenor to third Ricardo Villasenor scores
|
|
Batting: RHB Blane McDonald
|
0-0: Called Strike 0-1: Called Strike 0-2: Ball 1-2: Ball 2-2: Foul Ball, location: 2F 2-2: Ball 3-2: Ground out 4-3 (Groundball, 34, EV 81.9 MPH)
|
| Top of the 8th over - 4 runs, 3 hits, 1 error, 1 left on base; Rocky Mount 11 - Salem 5 |
| BOTTOM OF THE 8TH |
|
Salem Rebels batting - Pitching for Rocky Mount Leafs : RHP David Nobles
|
|
Batting: RHB Daniel Szajko
|
0-0: Ball 1-0: Called Strike 1-1: Foul Ball, location: 2F 1-2: Ground out 2-3 (Groundball, 2R, EV 68.1 MPH)
|
|
Batting: LHB Thomas Krupa
|
0-0: Called Strike 0-1: Ball 1-1: Swinging Strike 1-2: Ball 2-2: DOUBLE (Groundball, 3L, EV 93.8 MPH)
|
|
Batting: RHB Jorge Monroig
|
0-0: Ball 1-0: Called Strike 1-1: Foul Ball, location: 2F 1-2: Fly out, F9 (Flyball, 89D, EV 91.9 MPH) Runner from 2nd tags up, SAFE at 3rd, no throw by RF
|
|
Batting: RHB Dennis Cleveland
|
0-0: Ball 1-0: 2-RUN HOME RUN (Line Drive, 7LD, EV 100.6 MPH), Distance : 364 ft
|
|
Pitching: RHP Ramon Murillo
|
|
|
Batting: RHB Robert O'Connor
|
0-0: Hit by Pitch
|
|
Batting: RHB Melvin Williams
|
0-0: Called Strike 0-1: Ball 1-1: Fly out, F4 (Popup, 34D, EV 47.5 MPH)
|
| Bottom of the 8th over - 2 runs, 2 hits, 0 errors, 1 left on base; Rocky Mount 11 - Salem 7 |
| TOP OF THE 9TH |
|
Rocky Mount Leafs batting - Pitching for Salem Rebels : LHP Steven Oliver
|
|
Batting: RHB Todd Cruz
|
0-0: Called Strike 0-1: Ball 1-1: Ground out 6-3 (Groundball, 6, EV 84.4 MPH)
|
|
Batting: LHB Oscar Ramirez
|
0-0: Ball 1-0: Ball 2-0: Ball 3-0: Called Strike 3-1: Foul Ball, location: 2F 3-2: DOUBLE (Line Drive, 89M, EV 105.0 MPH)
|
|
Batting: RHB Alex Sanchez
|
0-0: Called Strike 0-1: Ground out 6-3 (Groundball, 56, EV 88.8 MPH)
|
|
Batting: LHB Larry Ray
|
0-0: Foul Ball, location: 2F 0-1: Ball 1-1: Ball 2-1: Ball 3-1: Foul Ball, location: 2F 3-2: Base on Balls
|
|
Batting: RHB Glen Bockhorn
|
0-0: Ball 1-0: Called Strike 1-1: Ball 2-1: Ball 3-1: Base on Balls Oscar Ramirez to third Larry Ray to second
|
|
Pitching: LHP Wilberto Rohena
|
|
|
Batting: RHB Theodore Smith
|
0-0: Called Strike 0-1: Ball 1-1: Ball 2-1: Ball 3-1: Base on Balls Oscar Ramirez scores Larry Ray to third Glen Bockhorn to second
|
|
Batting: RHB Ricardo Villasenor
|
0-0: Ground out 5-3 (Groundball, 56, EV 84.4 MPH)
|
| Top of the 9th over - 1 run, 1 hit, 0 errors, 3 left on base; Rocky Mount 12 - Salem 7 |
| BOTTOM OF THE 9TH |
|
Salem Rebels batting - Pitching for Rocky Mount Leafs : RHP Ramon Murillo
|
|
Batting: RHB Frank Wren
|
0-0: Called Strike 0-1: Ball 1-1: SINGLE (Groundball, 34D, EV 95.6 MPH)
|
|
Batting: RHB Mark Krynitsky
|
0-0: Ball 1-0: Ground out 3-1 (Groundball, 34S, EV 86.9 MPH) Frank Wren to second
|
|
Batting: RHB Steven Schields
|
0-0: Foul Ball, location: 2F 0-1: Foul Ball, location: 2F 0-2: Ball 1-2: Foul Ball, location: 2F 1-2: Ball 2-2: Strikes out swinging
|
|
Batting: RHB Daniel Szajko
|
0-0: Ball 1-0: Ball 2-0: Ball 3-0: Base on Balls
|
|
Batting: LHB Thomas Krupa
|
0-0: Ball 1-0: Swinging Strike 1-1: Foul Ball, location: 2F 1-2: Strikes out swinging
|
| Bottom of the 9th over - 0 runs, 1 hit, 0 errors, 2 left on base; Rocky Mount 12 - Salem 7 |
|